 Dungeon Crawl Stone Soup version 0.18.1-8-gdd0e5ea (webtiles) character file.

2998 rgaf the Spear-Bearer (level 9, 0/72 HPs)
             Began as a Merfolk Skald on June 3, 2016.
             Was an Initiate of Gozag.
             Slain by Erolcha
             ... wielding a +0 giant club
              (4 damage)
             ... on level 7 of the Dungeon.
             The game lasted 00:28:39 (10856 turns).

rgaf the Spear-Bearer (Merfolk Skald)              Turns: 10856, Time: 00:28:40

Health: 0/72       AC: 13    Str: 11 (12) XL:     9   Next: 84%
Magic:  21/21      EV:  7    Int: 12 (15) God:    Gozag
Gold:   360        SH:  5    Dex: 11 (13) Spells: 3 memorised, 7 levels left

rFire  . . .     SeeInvis .     y - +0 trident (curse)
rCold  . . .     Gourm    .     F - +0 chain mail
rNeg   . . .     Faith    .     p - +0 buckler
rPois  .         Spirit   .     (no helmet)
rElec  .         Dismiss  .     i - +0 cloak
rCorr  .         Reflect  .     j - +0 pair of gloves
SustAt .         Harm     .     f - +0 pair of boots
MR     .....                    (no amulet)
Stlth  ..........               q - ring of magical power
                                t - ring of flight

@: not resistant to hostile enchantments, extremely unstealthy
A: change form in water, swift swim
a: Potion Petition, Call Merchant, Bribe Branch, Renounce Religion, Evoke Flight


You were on level 7 of the Dungeon.
You worshipped Gozag.
Gozag was noncommittal.
You were not hungry.

You visited 2 branches of the dungeon, and saw 10 of its levels.
You also visited: Ossuary.

You collected 1624 gold pieces.
You paid 1264 gold pieces to Gozag.

Inventory:

Hand Weapons
 a - a +1 spear
 y - a cursed +0 trident (weapon)
Missiles
 h - 8 curare-tipped needles
 l - 4 javelins of penetration (quivered)
Armour
 b - a +0 leather armour
 f - a +0 pair of boots (worn)
 g - a +0 ring mail
 i - a +0 cloak (worn)
 j - a +0 pair of gloves (worn)
 p - a +0 buckler (worn)
 E - the cursed +1 scale mail "Ulalufy" {rC+ Int-4 SInv}
   (You found it on level 7 of the Dungeon)

   It affects your intelligence (-4).
   It protects you from cold.
   It lets you see invisible.
   It has a curse placed upon it.
 F - a +0 chain mail (worn)
Jewellery
 q - a ring of magical power (right hand)
 t - a ring of flight (left hand)
Wands
 A - a wand of flame (24/48)
 B - a wand of slowing (48/48)
 K - a wand of acid (9/15)
Scrolls
 n - a scroll of magic mapping
 o - 9 scrolls of remove curse
 r - 3 scrolls of fog
 v - 3 scrolls of noise
 x - 3 scrolls of enchant weapon
 D - a scroll of identify
Potions
 e - a potion of brilliance
 k - a potion of ambrosia
 m - a potion of might
 s - a potion of magic
 u - 2 potions of mutation
 z - a potion of flight
 H - a potion of degeneration
Books
 c - a book of Battle

   Spells                             Type                      Level
   a - Infusion                       Charms                       1
   b - Shroud of Golubria             Charms/Translocation         2
   c - Song of Slaying                Charms                       2
   d - Spectral Weapon                Hexes/Charms                 3
   e - Regeneration                   Charms/Necromancy            3
 C - a book of Air

   Spells                             Type                      Level
   a - Shock                          Conjuration/Air              1
   b - Swiftness                      Charms/Air                   2
   c - Repel Missiles                 Charms/Air                   2
   d - Static Discharge               Conjuration/Air              3
   e - Lightning Bolt                 Conjuration/Air              5
Miscellaneous
 w - an ornate deck of summoning {the Pentagram}
Comestibles
 d - 6 bread rations
 I - a meat ration


   Skills:
 + Level 7.1 Fighting
 - Level 9.0 Polearms
 + Level 4.6 Armour
 + Level 8.3 Dodging
 - Level 4.7 Shields
 - Level 2.0 Spellcasting
 - Level 3.2 Charms


You had 7 spell levels left.
You knew the following spells:

 Your Spells              Type           Power        Failure   Level  Hunger
a - Infusion              Chrm           #...         100%        1    ##.....
b - Repel Missiles        Chrm/Air       #.....       100%        2    ###....
c - Swiftness             Chrm/Air       #.......     100%        2    ###....


Dungeon Overview and Level Annotations

Branches:
Dungeon (9/15)             Temple (1/1) D:5
   Lair: D:8-11         Orc: D:9-12

Altars:
Dithmenos
Fedhas
Gozag
Ru
Trog
Yredelemnul
Zin

Shops:
D:4 *

Annotations:
D:6 caco's ghost, novice HONe
D:7 Erolcha


Message History

There is a stone staircase leading down here.
Unknown command.
Your chain mail prevents you from hitting Erolcha.
Erolcha casts a spell at you. You resist with some effort.
You hit Erolcha but do no damage. Erolcha barely misses you.
You hit Erolcha.
Erolcha is lightly wounded.
Erolcha barely misses you.
You hit Erolcha.
Erolcha is lightly wounded.
Erolcha closely misses you.
You closely miss Erolcha.
Erolcha is lightly wounded.
Erolcha hits you but does no damage.
You hit Erolcha.
Erolcha is moderately wounded.
Erolcha hits you with a giant club.
You die...
Your body crumbles into a pile of gold.

.# ##.##
.###...###########
............[....#
.###...#########.#
.# ##.## #.# .# #.#
#.# .# #.# #.# .#
##'## #.# ####...##
#####@### ###.....##
#.....O.#
.........###.##.#..#
..........##.#...#.#
.[........'........#
#.........##.#.....#
#..(.....###.##.#..#
#.#.....## #.......#
#.##...## ######.##


You could see Erolcha.

Vanquished Creatures
  Duvessa (D:6)
  An orc warrior (D:9)
  An ice beast (D:7)
  3 ogres
  4 centaurs
  4 giant frogs
  Dowan (D:6)
  A gnoll sergeant (D:6)
  2 scorpions
  11 killer bees (D:7)
  2 howler monkeys (D:5)
  3 crimson imps
  2 quasits (D:9)
  3 hounds
  Crazy Yiuf (D:3)
  A centaur skeleton (D:4)
  4 orc priests
  3 iguanas
  6 orc wizards
  4 worker ants
  A hound zombie (D:7)
  2 hound skeletons
  8 adders
  7 gnolls
  A howler monkey skeleton (D:5)
  An ooze (D:1)
  2 adder zombies
  3 adder skeletons
  4 worms
  A dart slug (D:1)
  5 giant geckos
  15 orcs
  6 bats
  8 giant cockroaches
  2 gnoll zombies (Ossuary)
  8 hobgoblins
  10 jackals
  9 kobolds
  4 quokkas
  A ball python (D:3)
  A giant cockroach zombie (D:5)
  2 giant gecko skeletons (D:5)
  5 giant newts
  A gnoll skeleton (Ossuary)
  8 goblins
  3 goblin zombies (Ossuary)
  A hobgoblin skeleton (Ossuary)
  5 hobgoblin zombies (Ossuary)
  A jackal zombie (D:7)
  A kobold skeleton (Ossuary)
  2 kobold zombies (Ossuary)
  2 orc skeletons (Ossuary)
  4 orc zombies (Ossuary)
  A quokka zombie (D:7)
  7 rats
  2 rat skeletons (Ossuary)
  3 rat zombies (Ossuary)
  A fungus (D:3)
206 creatures vanquished.

Vanquished Creatures (others)
  Menkaure (Ossuary)
  3 mummies (Ossuary)
  An orc (D:6)
  6 gnoll skeletons (Ossuary)
  A gnoll zombie (Ossuary)
  2 goblin skeletons (Ossuary)
  2 goblin zombies (Ossuary)
  4 hobgoblin skeletons (Ossuary)
  4 kobold skeletons (Ossuary)
  2 kobold zombies (Ossuary)
  An orc skeleton (Ossuary)
  A rat skeleton (Ossuary)
  A rat zombie (Ossuary)
29 creatures vanquished.

Grand Total: 235 creatures vanquished

Notes
Turn   | Place    | Note
--------------------------------------------------------------
     0 | D:1      | rgaf the Merfolk Skald began the quest for the Orb.
     0 | D:1      | Reached XP level 1. HP: 16/16 MP: 3/3
   184 | D:1      | Reached skill level 4 in Polearms
   184 | D:1      | Reached XP level 2. HP: 16/22 MP: 5/5
   462 | D:1      | Reached skill level 5 in Polearms
   462 | D:1      | Reached XP level 3. HP: 19/27 MP: 6/6
   753 | D:2      | Found a bloodstained altar of Trog.
  1182 | D:2      | Reached XP level 4. HP: 24/33 MP: 7/7
  1317 | D:2      | Reached skill level 6 in Polearms
  1345 | D:2      | Reached skill level 1 in Shields
  1362 | D:2      | Found a faded altar to an unknown god.
  1396 | D:2      | Found an opulent altar of Gozag.
  1447 | D:2      | Became a worshipper of Gozag Ym Sagoz the Greedy
  1630 | D:2      | Found a sacrificial altar of Ru.
  1637 | D:2      | Found a shadowy altar of Dithmenos.
  1964 | D:2      | Reached XP level 5. HP: 30/38 MP: 8/8
  2127 | D:2      | Found a basalt altar of Yredelemnul.
  2434 | D:3      | Reached skill level 7 in Polearms
  2830 | D:3      | Noticed Crazy Yiuf
  2851 | D:3      | Paralysed by Crazy Yiuf for 2 turns
  2866 | D:3      | Killed Crazy Yiuf
  2866 | D:3      | Reached XP level 6. HP: 31/44 MP: 9/9
  3160 | D:4      | Reached skill level 8 in Polearms
  3602 | D:4      | Reached XP level 7. HP: 44/50 MP: 10/10
  3626 | D:4      | Found Pyzah's Assorted Antiques.
  3719 | D:4      | Found a glowing silver altar of Zin.
  3812 | D:5      | Entered Level 5 of the Dungeon
  4050 | D:5      | Reached skill level 9 in Polearms
  4168 | D:5      | Reached skill level 1 in Armour
  4260 | D:5      | Found a staircase to the Ecumenical Temple.
  4269 | Temple   | Entered the Ecumenical Temple
  4921 | D:5      | Reached XP level 8. HP: 34/58 MP: 11/11
  5008 | D:6      | Found a sand-covered staircase.
  5014 | Ossuary  | Entered an ossuary
  5055 | Ossuary  | Killed Menkaure
  5822 | D:6      | Noticed caco's ghost (novice HONe)
  6294 | D:5      | Reached skill level 5 in Dodging
  6779 | D:6      | Reached skill level 5 in Fighting
  7186 | D:6      | Noticed Duvessa
  7187 | D:6      | Noticed Dowan
  7210 | D:6      | Killed Duvessa
  7220 | D:6      | Killed Dowan
  7220 | D:6      | Reached XP level 9. HP: 19/68 MP: 12/12
  7353 | D:6      | Found a blossoming altar of Fedhas.
  7671 | D:7      | Learned a level 2 spell: Repel Missiles
  7674 | D:7      | Learned a level 2 spell: Swiftness
  8018 | D:7      | HP: 3/69 [poisoned by a killer bee]
  8023 | D:7      | HP: 3/69 [poisoned by a killer bee]
  8029 | D:7      | HP: 3/69 [poisoned by a killer bee]
  8429 | D:7      | You fall through a shaft for 2 floors!
 10584 | D:7      | Got a pitted scale mail
 10585 | D:7      | Identified the cursed +1 scale mail "Ulalufy" {rC+ Int-4 SInv} (You found it on level 7 of the Dungeon)
 10824 | D:8      | Noticed a two-headed ogre
 10826 | D:8      | Noticed Erolcha
 10831 | D:8      | Paralysed by Erolcha for 7 turns
 10849 | D:8      | HP: 3/72 [Erolcha/giant club (22)]
 10856 | D:7      | Slain by Erolcha

Skill      XL: |  1  2  3  4  5  6  7  8  9 |
---------------+----------------------------+-----
Polearms       | 4 5 6 7 8 9 |  9.0
Shields        | 1 2 4 |  4.7
Armour         | 1 3 4 |  4.6
Dodging        | 3 6 8 |  8.3
Fighting       | 3 5 7 |  7.1
Spellcasting   | |  2.0
Charms         | |  3.2

Action                   |  1- 3 |  4- 6 |  7- 9 || total
-------------------------+-------+-------+-------++-------
Melee: Spear             |   170 |   353 |   444 ||   967
       Trident           |       |       |   528 ||   528
Throw: Javelin           |     3 |     8 |     1 ||    12
Invok: Potion Petition   |       |     1 |     4 ||     5
  Use: Potion            |       |     4 |    10 ||    14
       Scroll            |       |       |    14 ||    14
 Stab: Distracted        |       |       |     1 ||     1
  Eat: Chunk             |     1 |     1 |       ||     2
       Beef jerky        |       |     1 |     1 ||     2
       Pizza             |       |     1 |       ||     1
       Fruit             |       |     2 |     6 ||     8
       Meat ration       |       |     1 |     3 ||     4
       Bread ration      |       |       |     1 ||     1
Armor: Ring mail         |    33 |    73 |    94 ||   200
       Leather armour    |     2 |       |       ||     2
       Chain mail        |       |       |   244 ||   244
       Skin              |       |       |     4 ||     4
Dodge: Dodged            |    66 |   103 |   284 ||   453
Block: Buckler           |       |    41 |   171 ||   212
